 Dungeon Crawl Stone Soup version 0.21.1-1-g345015fe64 (webtiles) character file.

520 KleinerIrrer the Shield-Bearer (level 7, -3/52 HPs)
             Began as a Formicid Fighter on Mar 17, 2018.
             Slain by a yak (10 damage)
             ... on level 3 of the Dungeon.
             The game lasted 00:08:24 (3475 turns).

KleinerIrrer the Shield-Bearer (Formicid Fighter)   Turns: 3475, Time: 00:08:25

Health: -3/52      AC: 10    Str: 28    XL:     7   Next: 45%
Magic:  7/7        EV:  7    Int:  7    God:
Gold:   274        SH: 16    Dex: 10    Spells: 6/6 levels left

rFire    . . .     SeeInvis +   u - -1 hand axe (curse)
rCold    + . .     Gourm    .   o - +0 large shield
rNeg     . . .     Faith    .   n - +3 scale mail {rC+}
rPois    .         Spirit   .   (helmet unavailable)
rElec    .         Reflect  .   (no cloak)
rCorr    .         Harm     .   (no gloves)
MR       .....                  (no boots)
Stlth    ..........             (no amulet)
HPRegen  0.17/turn              (no ring)
MPRegen  0.10/turn              (no ring)

@: mighty
A: permanent stasis, dig shafts and tunnels, four strong arms, antennae 3
a: Dig, Shaft Self


You were on level 3 of the Dungeon.
You were hungry.

You visited 1 branch of the dungeon, and saw 5 of its levels.

You collected 274 gold pieces.

Inventory:

Hand Weapons
 a - a +1 war axe
 u - a cursed -1 hand axe (weapon)
 y - the +10 long sword of Xienusas {chaos, Stlth+, unknown}
   (You found it on level 4 of the Dungeon)

   Each time it hits an enemy it has a different, random effect.
   It makes you more stealthy.
Missiles
 q - 60 arrows
 A - 38 bolts
Armour
 c - a +1 shield
 n - a +3 scale mail of cold resistance (worn)
 o - a +0 large shield (worn)
 w - a +0 ring mail of fire resistance
Jewellery
 g - an uncursed ring of resist corrosion {unknown}
 t - an uncursed ring of protection from cold
Scrolls
 e - a scroll of fear
 j - 2 scrolls of teleportation
 p - a scroll of magic mapping
 s - a scroll of enchant armour
 z - a scroll of remove curse {unknown}
Potions
 b - 2 potions of curing
 h - 2 potions of magic
 i - 2 potions of haste {unknown}
 k - 2 potions of lignification
 l - 2 potions of resistance {unknown}
 m - 4 potions of heal wounds {unknown}
 r - a potion of cancellation {unknown}
 v - a potion of invisibility
 x - a potion of agility {unknown}
 B - a potion of flight {unknown}
Comestibles
 f - 7 rations


   Skills:
 - Level 3.2 Fighting
 + Level 5.1 Axes
 + Level 5.0 Armour
 + Level 6.3 Shields


You had 6 spell levels left.
You didn't know any spells.

Dungeon Overview and Level Annotations

Branches:
Dungeon (5/15)
 Temple: D:4-7

Altars:
Dithmenos
Makhleb
Qazlal
Vehumet

Annotations:
D:4 Norrik's ghost, novice MiFi


Innate Abilities, Weirdness & Mutations

You cannot be hasted, slowed, berserked, paralysed or teleported.
You can dig through walls and to a lower floor.
Your four strong arms can wield two-handed weapons with a shield.
You have a pair of large antennae on your head. (SInv)


Message History

You block the yak's attack.
You hit the yak.
The yak is moderately wounded.
You block the yak's attack.
You completely miss the yak.
The yak is moderately wounded.
The yak barely misses you. You block the yak's attack.
You hit the yak.
The yak is heavily wounded.
You block the yak's attack.
You slash the yak!
The yak is severely wounded.
You block the yak's attack.
You slash the yak!
The yak is almost dead.
You block the yak's attack.
You barely miss the yak.
The yak is almost dead.
The yak gores you!
You die...

##.#
#.#.####...[.....#
##.# #.#.#
####...###########
##.# #.#.#
#.............#
##.# #.#.#
#...#########.#
...####.#.# #####
####.###
.........)#
#.......
########..###
###########..)...(
#.(..#
#Y>.......#.......
#.##.#
#@#######.........
##.##.# #.#
###.......
#####...#.####.#
#.......
#......(.......#
#.......
#.###...#.######
##.##### #.#
##.##.# #.#
#.####.##.# #.#
#.##.()##.#
#.#####
###.#.....#.#
#....##


You could see a yak.

Vanquished Creatures
  A water moccasin (D:4)
  A crimson imp (D:3)
  An orc priest (D:3)
  3 hounds
  Natasha (thrice) (D:4)
  A worker ant (D:4)
  Terence (D:2)
  6 adders
  2 oozes
  A worm (D:2)
  2 dart slugs
  8 orcs (D:3)
  8 giant cockroaches
  7 goblins
  3 hobgoblins
  9 jackals
  2 quokkas
  A ball python (D:2)
  A ball python skeleton (D:4)
  6 bats
  5 frilled lizards
  4 kobolds
  4 rats
  4 toadstools (D:1)
84 creatures vanquished.

Notes
Turn   | Place    | Note
-------+----------+-------------------------------------------
     0 | D:1      | KleinerIrrer the Formicid Fighter began the quest for the Orb.
     0 | D:1      | Reached XP level 1. HP: 18/18 MP: 1/1
    20 | D:1      | Reached XP level 2. HP: 23/24 MP: 2/2
    27 | D:1      | Reached skill level 4 in Shields
   185 | D:1      | Reached XP level 3. HP: 29/29 MP: 3/3
   349 | D:2      | Noticed Terence
   355 | D:2      | Killed Terence
   398 | D:2      | Reached XP level 4. HP: 35/35 MP: 4/4
   969 | D:2      | Found a shadowy altar of Dithmenos.
  1098 | D:2      | Reached XP level 5. HP: 41/41 MP: 5/5
  1614 | D:3      | Reached skill level 5 in Shields
  1614 | D:3      | Reached XP level 6. HP: 46/47 MP: 6/6
  1638 | D:3      | Found a burning altar of Makhleb.
  1639 | D:3      | Found a radiant altar of Vehumet.
  1982 | D:4      | Found a stormy altar of Qazlal.
  1988 | D:4      | Noticed Norrik's ghost (novice MiFi)
  2280 | D:4      | Got a crude long sword
  2352 | D:4      | Noticed Natasha
  2368 | D:4      | Killed Natasha
  2709 | D:4      | Noticed Natasha
  2722 | D:4      | Killed Natasha
  2814 | D:4      | Reached XP level 7. HP: 52/52 MP: 7/7
  2903 | D:4      | Noticed a water moccasin
  2915 | D:4      | Killed a water moccasin
  2915 | D:4      | Reached skill level 5 in Axes
  2915 | D:4      | Reached skill level 5 in Armour
  2915 | D:4      | Reached skill level 6 in Shields
  3066 | D:4      | Noticed Natasha
  3076 | D:4      | Killed Natasha
  3431 | D:5      | Entered Level 5 of the Dungeon
  3431 | D:5      | Noticed a yak
  3437 | D:5      | Noticed a yak
  3437 | D:5      | Noticed a yak
  3438 | D:5      | Noticed a yak
  3438 | D:5      | Noticed a yak
  3475 | D:3      | Slain by a yak

Skill      XL: |  1  2  3  4  5  6  7 |
---------------+----------------------+-----
Shields        | 4 5 6 |  6.3
Armour         | 4 5 |  5.0
Axes           | 3 4 5 |  5.1
Fighting       | |  3.2

Action                   |  1- 3 |  4- 6 |  7- 9 || total
-------------------------+-------+-------+-------++-------
Melee: War axe           |    63 |    64 |       ||   127
       Hand axe          |       |   188 |    74 ||   262
  Use: Scroll            |       |     9 |       ||     9
       Potion            |       |       |     1 ||     1
  Eat: Chunk             |       |     3 |     2 ||     5
       Ration            |       |     1 |       ||     1
Armor: Scale mail        |    25 |    95 |    16 ||   136
Dodge: Dodged            |    30 |    74 |    10 ||   114
Block: Shield            |    25 |   101 |       ||   126
       Large shield      |       |    74 |    48 ||   122
